 Dungeon Crawl Stone Soup version 0.30.0-29-ga12c61a403 (webtiles) character file.

Game seed: 6506860432567831046

1592 LustLizard the Grappler (level 8, -1/57 HPs)
             Began as an Octopode Berserker on June 9, 2023.
             Was an Elder of Trog.
             Slain by an ice beast (3 damage)
             ... on level 6 of the Dungeon.
             The game lasted 00:09:07 (6188 turns).

LustLizard the Grappler (Octopode Berserker)        Turns: 6188, Time: 00:09:07

Health: -1/57      AC:  1    Str: 18    XL:     8   Next: 93%
Magic:  8/8        EV: 15    Int: 10    God:    Trog [****..]
Gold:   501        SH:  0    Dex: 11    Spells: 7/7 levels left

rFire   . .          .
                       - Unarmed
rCold   . . .        (no shield)
rNeg    . . .        (helmet restricted)
rPois   .            s - amulet of regeneration
rElec   .            (no ring)
rCorr   .            (no ring)
SInv    .            (no ring)
Will    .....        (no ring)
Stlth   +++          (no ring)
HPRegen 1.09/turn    (no ring)
MPRegen 0.11/turn    (no ring)
                     (no ring)

%: no passive effects
@: no status effects
A: almost no armour, amphibious, 8 rings, camouflage 1, gelatinous body 1,
(nimble swimmer 1), tentacles
a: Renounce Religion, Berserk, Trog's Hand, Brothers in Arms


You were on level 6 of the Dungeon.
You worshipped Trog.
Trog was greatly pleased with you.
You visited 1 branch of the dungeon, and saw 6 of its levels.
You also visited: Sewer.

You collected 501 gold pieces.

Inventory:

Jewellery
 j - an amulet of faith
 l - an amulet of the acrobat
 s - an amulet of regeneration (around mantle)
Wands
 r - a wand of flame (21)
Scrolls
 a - a scroll of poison {unknown}
 b - 6 scrolls of teleportation
 c - 2 scrolls of immolation
 f - a scroll of vulnerability {unknown}
 k - a scroll of fear {unknown}
 n - 2 scrolls of amnesia {unknown}
 o - a scroll of enchant armour {unknown}
 p - a scroll of fog
Potions
 d - 7 potions of flight
 g - 2 potions of might
 i - 3 potions of mutation
 m - 2 potions of brilliance


   Skills:
 + Level 6.0 Fighting
 + Level 6.0 Dodging
 - Level 4.2 Stealth
 * Level 8.0 Unarmed Combat


You had 7 spell levels left.
You didn't know any spells.
Your spell library was empty.

Dungeon Overview and Level Annotations

Branches:
Dungeon (6/15)             Temple (0/1) D:6           Sewer (visited)

Altars:
Nemelex Xobeh
Qazlal
Ru


Innate Abilities, Weirdness & Mutations

You cannot wear most types of armour.
You are amphibious.
You can wear up to eight rings at the same time.
Your skin changes colour to match your surroundings (Stealth+).
Your rubbery body absorbs attacks. (AC +1, EV +1)
((You are camouflaged when in or above water. (Stealth+)))
You have tentacles for arms and can constrict up to eight enemies at once.


Message History

You hear a shout!
Your Fighting skill increases to level 6!
Your Dodging skill increases to level 6!
Your Unarmed Combat skill increases to level 8!
You tentacle-slap the ice beast.
You tentacle-slap the ice beast, but do no damage.
The ice beast is lightly wounded.
You feel sick. The ice beast hits you. The ice beast freezes you!
The howler monkey barely misses you.
Unknown command.
You bludgeon the ice beast! You squeeze the ice beast.
The ice beast is heavily wounded.
You feel sick. The hound bites you. The ice beast hits you.
The ice beast freezes you! The hound bites you. The howler monkey misses you.
Unknown command.
You bludgeon the ice beast! Your squeeze misses the ice beast.
The ice beast is almost dead.
You feel sick. The hound closely misses you. The ice beast hits you.
The ice beast freezes you!
* * * LOW HITPOINT WARNING * * *
The wight completely misses you. The howler monkey hits you.
* * * LOW HITPOINT WARNING * * *
You feel sick. The hound completely misses you.
The ice beast closely misses you. The wight misses you.
The howler monkey hoots and howls with incredible vigour!
The hound bites you.
* * * LOW HITPOINT WARNING * * *
Okay, then.
You feel better. The hound bites you.
* * * LOW HITPOINT WARNING * * *
The ice beast barely misses you. The wight misses you.
You feel better. The hound closely misses you. The howler monkey misses you.
The ice beast hits you. The ice beast freezes you!
* * * LOW HITPOINT WARNING * * *
The wight hits you from afar with a +0 trident!
* * * LOW HITPOINT WARNING * * *
The hound bites you.
* * * LOW HITPOINT WARNING * * *
The ice beast attacks as you move away! The ice beast hits you.
You die...

#....#
#.....#########.###.
#....# ########........#
## ##...##
###.....'......###
#....# #.#.....#......#
##....#
##.#...).#......#
##.....#
#..#..†..#......#
.#.....#
#.##.....#......#
......[#
##.###'###########
###..<.## #.## #@h.?#..
'..# ###...###.##
#hYz.#...#..#
##.......###..†.'...#+##
###.......##....#####:
##.........####### ##
##..........#
#.......(...#
##..........##
#...........#


You could see an ice beast, a howler monkey (catching breath), a hound and a
wight.

Vanquished Creatures
  2 water moccasins
  A sky beast (D:6)
  An ogre (D:6)
  2 phantoms
  A bullfrog (D:6)
  5 scorpions
  A jelly (D:6)
  A sleepcap (D:6)
  7 iguanas
  3 orc wizards
  3 gnolls (D:2)
  17 adders
  3 river rats (Sewer)
  A shadow imp (D:6)
  A white imp (D:6)
  An ufetubus (D:6)
  2 worms (Sewer)
  2 dart slugs
  19 orcs
  16 bats
  9 endoplasms
  4 giant cockroaches
  6 goblins
  9 hobgoblins
  6 jackals (Sewer)
  7 kobolds
  12 quokkas
  13 ball pythons
  2 rats
157 creatures vanquished.

Notes
Turn   | Place    | Note
-------+----------+-------------------------------------------
     0 | D:1      | LustLizard the Octopode Berserker began the quest for the
                  | Orb.
     0 | D:1      | Reached XP level 1. HP: 16/16 MP: 1/1
    92 | D:1      | Reached XP level 2. HP: 15/21 MP: 2/2
   141 | D:1      | Reached skill level 1 in Stealth
   785 | D:1      | Reached XP level 3. HP: 23/26 MP: 3/3
  1225 | D:2      | Found a stormy altar of Qazlal.
  1317 | D:2      | Reached XP level 4. HP: 31/31 MP: 4/4
  1431 | D:2      | Reached ** piety under Trog
  1563 | D:2      | Reached skill level 4 in Unarmed Combat
  1916 | D:3      | Reached XP level 5. HP: 36/36 MP: 5/5
  2717 | D:3      | Found a faded altar of an unknown god.
  3136 | D:4      | Reached XP level 6. HP: 36/43 MP: 6/6
  3313 | D:4      | Found a glowing drain.
  3324 | D:4      | Reached skill level 5 in Unarmed Combat
  3361 | Sewer    | Entered a sewer
  3368 | Sewer    | Reached *** piety under Trog
  3803 | Sewer    | Reached XP level 7. HP: 21/48 MP: 7/7
  4344 | D:4      | Reached **** piety under Trog
  4474 | D:5      | Entered Level 5 of the Dungeon
  4523 | D:5      | Found a sacrificial altar of Ru.
  5047 | D:5      | Reached skill level 6 in Unarmed Combat
  5148 | D:5      | Identified the +0 flail "Eviscerator" {antimagic, rF+++
                  | Str-5}
  5172 | D:5      | Found a sparkling altar of Nemelex Xobeh.
  5484 | D:6      | Reached skill level 5 in Fighting
  5484 | D:6      | Reached skill level 5 in Dodging
  5484 | D:6      | Reached XP level 8. HP: 50/55 MP: 8/8
  5545 | D:6      | Found a stormy altar of Qazlal.
  5767 | D:6      | Reached skill level 7 in Unarmed Combat
  5919 | D:6      | Found a staircase to the Ecumenical Temple.
  6181 | D:6      | Reached skill level 8 in Unarmed Combat
  6186 | D:6      | HP: 1/57 [hound (2)]
  6188 | D:6      | Slain by an ice beast

Illustrated notes

Levels and vault maps discovered:
D:1:      pf_arrival_petrified_forest, layout_basic
D:2:      layout_rooms, basic_altar, kennysheep_potato
D:3:      layout_loops_ring, shapermc_ecumenical_altar_mp_vishouse,
          amethyst_killhole, minmay_misc_feat_nine_boxes
D:4:      layout_gridville, gup_sewer_entry_glass, minmay_misc_feat_room,
          kennysheep_generic_room_6
D:5:      layout_basic, nemelex_spade_bored_becter, amcnicky_altar_gilded,
          feat_on_display
D:6:      minmay_clustersquares, layout_cave_pods,
          yredelemnul_forgotten_temple_becter, nicolae_qazlal_beasts_of_the_sky,
          minmay_temple_entry_trees, amcnicky_mini_corridor_feature,
          uniq_eustachio

Skill      XL: |  1  2  3  4  5  6  7  8 |
---------------+-------------------------+-----
Stealth        | 1 2 3 4 |  4.2
Unarmed Combat | 4 5 6 8 |  8.0
Fighting       | 4 5 6 |  6.0
Dodging        | 4 5 6 |  6.0

Action                     |  1- 3 |  4- 6 |  7- 9 || total
---------------------------+-------+-------+-------++-------
  Melee: Unarmed           |    79 |   180 |   130 ||   389
         Constrict         |    24 |    48 |    27 ||    99
         Tentacles         |     7 |    39 |    27 ||    73
         Punch             |     4 |     6 |    10 ||    20
    Use: Scroll            |       |       |     8 ||     8
         Potion            |       |       |     4 ||     4
   Stab: Sleeping          |     4 |    18 |     8 ||    30
         Distracted        |     1 |     1 |       ||     2
 Armour: Skin              |     7 |     8 |     8 ||    23
  Dodge: Dodged            |    52 |   110 |    84 ||   246
